 Dungeon Crawl Stone Soup version 0.13.0-29-gdb529de (webtiles) character file.

954 Lilouch the Ruinous (level 7, 0/36 HPs)
             Began as a Deep Elf Fire Elementalist on Nov 11, 2013.
             Was an Initiate of Kikubaaqudgha.
             Slain by Pikel
             ... wielding a +1,+1 whip of electrocution
              (10 damage)
             ... on Level 6 of the Dungeon.
             The game lasted 00:26:49 (4805 turns).

Lilouch the Ruinous (Deep Elf Fire Elementalist)    Turns: 4805, Time: 00:26:49

HP   0/36        AC  3     Str  5      XL: 7   Next: 50%
MP   3/21        EV 13     Int 22      God: Kikubaaqudgha [......]
Gold 198         SH  0     Dex 15      Spells:  5 memorised,  1 level left

Res.Fire  : . . .   See Invis. : .   p - +0 whip (elec)
Res.Cold  : . . .   Warding    : .   a - +0 elf robe
Life Prot.: . . .   Conserve   : .   (no shield)
Res.Poison: .       Res.Corr.  : .   r - +0 helmet
Res.Elec. : .       Clarity    : .   (no cloak)
Sust.Abil.: . .     Spirit.Shd : .   (no gloves)
Res.Mut.  : .       Stasis     : .   (no boots)
Res.Rott. : .       Flight     : .   (no amulet)
Saprovore : . . .                    (no ring)
                                     q - ring of teleport control

@: slightly resistant to hostile enchantments, stealthy
A: no striking features
a: Renounce Religion, Evoke Teleport Control


You were on level 6 of the Dungeon.
You worshipped Kikubaaqudgha.
Kikubaaqudgha was noncommittal.
You were hungry.

You visited 2 branches of the dungeon, and saw 7 of its levels.

You collected 178 gold pieces.

Inventory:

Hand weapons
 d - a +1,+2 spear (quivered)
 p - a +0,+0 whip of electrocution (weapon)
 u - a +0,+0 spear
 C - a cursed -1,-2 halberd
Missiles
 z - 17 silver darts
Armour
 a - a +0 elven robe (worn)
 r - a +0 helmet (worn)
Magical devices
 v - a wand of magic darts (10) {unknown}
Comestibles
 b - a choko
 c - 3 bread rations
 k - 2 meat rations
 m - an apple
 o - a slice of pizza
Scrolls
 g - a scroll of teleportation {unknown}
 h - a scroll of fear {unknown}
 i - a scroll of enchant armour {unknown}
 l - 3 scrolls of magic mapping {unknown}
 n - 6 scrolls of identify {unknown}
 t - 2 scrolls of blinking {unknown}
 y - a scroll of curse weapon {unknown}
 B - a scroll of curse jewellery {unknown}
Jewellery
 q - a ring of teleport control (left hand)
Potions
 e - a potion of restore abilities {unknown}
 f - a potion of paralysis {unknown}
 j - 4 potions of curing {unknown}
 s - a potion of invisibility {unknown}
 A - a potion of agility {unknown}
 E - 3 potions of slowing {unknown}


   Skills:
 - Level 2.4 Dodging
 + Level 3.0 Stealth
 - Level 5.0 Spellcasting
 * Level 6.6 Conjurations
 + Level 5.5 Fire Magic


You had one spell level left.
You knew the following spells:

 Your Spells              Type           Power        Failure   Level  Hunger
a - Flame Tongue          Conj/Fire      ####.        1%          1    None
b - Throw Flame           Conj/Fire      ####..       1%          2    None
c - Conjure Flame         Conj/Fire      ####....     2%          3    ##.....
d - Sticky Flame          Conj/Fire      ####....     12%         4    ####...
e - Fireball              Conj/Fire      ####......   28%         5    #####..


Dungeon Overview and Level Annotations

Branches:
Dungeon (6/27)             Temple (1/1) D:5
    Orc: D:6-11

Altars:
Ashenzari
Cheibriados
Elyvilon
Fedhas
Kikubaaqudgha
Makhleb
Nemelex Xobeh
Sif Muna
Trog
Vehumet
Zin
the Shining One

Shops:
D:5 +

Annotations:
D:6 Pikel


Message History

Confirm with . or Enter, or press ? or * to list all spells.
Aiming: Sticky Flame
Press: ? - help, Shift-Dir - straight line, f - Pikel
Aim: Pikel, wielding a glowing whip and wearing a robe (flame)
The sticky flame hits Pikel.
Pikel appears unharmed.
Pikel is covered in liquid flames!
Pikel burns!
Pikel is engulfed in roaring flames.
Pikel hits you with a glowing whip.
You are electrocuted!
* * * LOW HITPOINT WARNING * * *
The slave barely misses you.
The slave shouts!
Pikel burns!
Pikel is engulfed in roaring flames.
Pikel burns!
Pikel burns!
Pikel stops burning.
Casting: Sticky Flame
Confirm with . or Enter, or press ? or * to list all spells.
You don't have enough magic to cast that spell.
Pikel hits you with a whip of electrocution!
You die...
Kikubaaqudgha rasps: "You have failed me!
Welcome... death!"

#.# #...#.# . . ##...#.#
#.# . #.# #....#.##... .
#.##...##....#......# .
.............#......# .
... ................# .
#.# #...####...##...#
@####.##########..)###.#
..K@........@.@K@......#
............@###.#######
..###.######.###.# ..#
#..ยง.........# ###
#...####.#####
............#
.$......###### ).)......
#........#


You could see Pikel and 3 slaves.

Vanquished Creatures
  2 ogres (D:5)
  A centaur (D:6)
  The ghost of Zapata the Cutter, an average KoBe of Trog (D:3)
  A crimson imp (D:5)
  A yellow wasp zombie (D:5)
  A jelly (D:3)
  An orc priest (D:5)
  A hound (D:4)
  2 orc wizards
  A worker ant (D:5)
  A sky beast zombie (D:6)
  Ijyb (D:4)
  3 gnolls (D:5)
  5 adders
  2 worms
  A scorpion zombie (D:5)
  A giant eyeball (D:4)
  A giant gecko (D:2)
  9 orcs
  2 ball pythons
  7 bats
  5 giant cockroaches
  7 goblins
  6 hobgoblins
  9 jackals
  3 quokkas
  2 giant newts (D:1)
  11 kobolds
  A kobold skeleton (D:5)
  An orc skeleton (D:5)
  10 rats
  A rat zombie (D:5)
  A plant (D:5)
102 creatures vanquished.

Notes
Turn   | Place    | Note
--------------------------------------------------------------
     0 | D:1      | Lilouch, the Deep Elf Fire Elementalist, began the quest for the Orb.
     0 | D:1      | Reached XP level 1. HP: 10/10 MP: 4/4
   316 | D:1      | Reached XP level 2. HP: 4/15 MP: 0/7
   943 | D:2      | Learned a level 2 spell: Throw Flame
   984 | D:2      | Reached XP level 3. HP: 8/19 MP: 2/9
  1558 | D:2      | Reached XP level 4. HP: 24/24 MP: 3/12
  2284 | D:3      | Reached skill level 4 in Fire Magic
  2446 | D:3      | Noticed Zapata's ghost (average KoBe)
  2539 | D:2      | Learned a level 3 spell: Conjure Flame
  2578 | D:3      | Killed Zapata's ghost
  2578 | D:3      | Reached XP level 5. HP: 16/28 MP: 3/16
  3250 | D:4      | Noticed Ijyb
  3270 | D:4      | Killed Ijyb
  3270 | D:4      | Reached XP level 6. HP: 32/32 MP: 0/19
  3405 | D:5      | Entered Level 5 of the Dungeon
  3422 | D:5      | Reached skill level 5 in Conjurations
  3526 | D:5      | Found a staircase to the Ecumenical Temple.
  3530 | Temple   | Entered the Ecumenical Temple
  3542 | Temple   | Became a worshipper of Kikubaaqudgha
  3680 | D:5      | Reached skill level 5 in Fire Magic
  3783 | D:5      | Reached XP level 7. HP: 36/36 MP: 4/21
  3889 | D:5      | Found Ukki's Book Shop.
  3924 | D:5      | Reached skill level 5 in Spellcasting
  3924 | D:5      | Reached skill level 6 in Conjurations
  4128 | D:5      | Learned a level 4 spell: Sticky Flame
  4134 | D:5      | Learned a level 5 spell: Fireball
  4235 | D:5      | Found a glowing golden altar of the Shining One.
  4236 | D:5      | Found a radiant altar of Vehumet.
  4251 | D:5      | Found a snail-covered altar of Cheibriados.
  4785 | D:6      | Noticed Pikel
  4805 | D:6      | Slain by Pikel

Action                   |  1- 3 |  4- 6 |  7- 9 || total
-------------------------+-------+-------+-------++-------
Melee: Spear             |    19 |       |       ||    19
       Whip              |       |     9 |    29 ||    38
 Cast: Flame Tongue      |    59 |    74 |    27 ||   160
       Throw Flame       |     8 |    35 |    17 ||    60
       Conjure Flame     |       |     8 |     6 ||    14
       Sticky Flame      |       |       |     1 ||     1
